Match 42532494
Unlisted

Match 42532494
End
Construct Weapon Support Center
Engineer Squad
M1919 Machine Gun Team
Bazooka Squad
M1919 Machine Gun Team
Mechanized Support Center
Construct Motor Pool
M8 Greyhound Armored Car
M1919 Machine Gun Team
Selects Special Operations Battlegroup
Selects M29 Weasel with M1 Pack Howitzer
Selects Raiding Flares
M29 Weasel with M1 Pack Howitzer
Construct Medical Station
Selects SSF Commando Squad
SSF Commando Squad
SSF Commando Squad
Designate Forward Repair Station
Raiding Flares
SSF Commando Squad
Construct Tank Depot
Selects P-47 Anti-Infantry Loiter
Selects UNKNOWN (2162291)
Selects Assault Operation
Raiding Flares
M4A1 Sherman Medium Tank
M4A1 76mm Conversion
M3 Armored Personnel Carrier
P-47 Anti-Infantry Loiter
Improved M9 Bazooka Rockets
M4A1(76) Sherman Medium Tank
Engineer Squad
Raiding Flares
P-47 Anti-Infantry Loiter
Designate Forward Repair Station
M4A1(76) Sherman Medium Tank
P-47 Anti-Infantry Loiter
Hawk
MC
Lt_Stade
Tanith's Finest
0
0

Comments sign in to comment!

No comments posted yet!